 Dungeon Crawl Stone Soup version 0.31-a0-175-g9f7f995f2b (webtiles) character file.

Game seed: 12928547111344377091

1453 Zonian the Sneak (level 8, -17/44 HPs)
             Began as a Vine Stalker Gladiator on June 17, 2023.
             Was an Initiate of Ashenzari.
             Demolished by an orc warrior
             ... wielding a +0 halberd
              (24 damage)
             ... in a bailey.
             The game lasted 00:10:29 (5744 turns).

Zonian the Sneak (Vine Stalker Gladiator)           Turns: 5744, Time: 00:10:30

Health: -17/44     AC: 12    Str: 19    XL:     8   Next: 76%
Magic:  0/18       EV: 11    Int:  8    God:    Ashenzari [......]
Gold:   375        SH:  0    Dex: 16    Spells: 7/7 levels left

rFire   . . .        o - +1 dagger (elec)
rCold   . . .        (no shield)
rNeg    . . .        z - +0 ring mail
rPois   .            b - +0 helmet
rElec   .            M - +2 cloak
rCorr   .            p - +2 pair of gloves
SInv    .            (no boots)
Will    +....        (no amulet)
Stlth   +++          i - ring of magical power
HPRegen 1.07/turn    q - ring of flight
MPRegen 0.16/turn

%: guardian spirit
@: flying
A: fangs 3, regeneration 1, magic shield, antimagic bite, no potion heal 2
a: Renounce Religion


You were in a bailey.
You worshipped Ashenzari.
Ashenzari was noncommittal.
You visited 2 branches of the dungeon, and saw 8 of its levels.
You also visited: Bailey.

You collected 375 gold pieces.

Inventory:

Hand Weapons
 o - a +1 dagger of electrocution (weapon)
Missiles
 c - 2 throwing nets (quivered)
 d - a javelin
 f - 3 boomerangs
Armour
 a - a +0 leather armour
 b - a +0 helmet (worn)
 p - a +2 pair of gloves (worn)
 z - a +0 ring mail (worn)
 F - a +0 cloak
 M - a +2 cloak (worn)
Jewellery
 g - an amulet of the acrobat
 i - a ring of magical power (left hand)
 q - a ring of flight (right hand)
 v - an amulet of faith
 x - a ring of wizardry
 A - a ring of protection from fire
 B - a ring of protection from fire
 I - a +4 ring of protection
Wands
 u - a wand of roots (7)
 G - a wand of charming (1)
 L - a wand of acid (5)
Scrolls
 h - a scroll of summoning {unknown}
 j - a scroll of amnesia {unknown}
 k - 4 scrolls of teleportation {unknown}
 m - 7 scrolls of enchant weapon
 s - 2 scrolls of revelation {unknown}
 t - 2 scrolls of noise {unknown}
 y - 4 scrolls of immolation
 C - 2 scrolls of vulnerability {unknown}
 H - a scroll of brand weapon {unknown}
 N - a scroll of fear {unknown}
Potions
 e - a potion of heal wounds
 l - a potion of might
 n - a potion of curing
 r - a potion of mutation {unknown}
 w - a potion of invisibility {unknown}
 D - a potion of enlightenment {unknown}
 E - a potion of magic {unknown}
 J - a potion of brilliance {unknown}
 K - 2 potions of attraction {unknown}


   Skills:
 + Level 5.8 Fighting
 - Level 2.0 Throwing
 - Level 2.5 Dodging
 + Level 7.6 Stealth
 + Level 6.7 Unarmed Combat


You had 7 spell levels left.
You didn't know any spells.
Your spell library contained the following spells:

 Spells                   Type           Power      Damage    Failure   Level
 Apportation              Tloc           0%         N/A       58%         1
 Beastly Appendage        Tmut           0%         N/A       58%         1
 Necrotise                Necr           0%         1d4       58%         1
 Summon Small Mammal      Summ           0%         N/A       58%         1
 Static Discharge         Conj/Air       0%         2-2/arc   75%         2
 Wereblood                Tmut           0%         N/A       75%         2
 Spider Form              Tmut/Pois      0%         N/A       92%         3
 Airstrike                Air            0%         2d(0-16)  100%        4
 Summon Lightning Spire   Summ/Air       0%         N/A       100%        4


Dungeon Overview and Level Annotations

Branches:
Dungeon (7/15)             Temple (1/1) D:6          Bailey (1/1)

Altars:
Ashenzari
Cheibriados
Dithmenos
Elyvilon
Hepliaklqana
Kikubaaqudgha
Okawaru
Ru
Sif Muna
Vehumet
Xom
Zin
The Shining One

Annotations:
Bailey 2 runed translucent doors


Innate Abilities, Weirdness & Mutations

You have razor-sharp teeth.
Your natural rate of healing is unusually fast.
When hurt, damage is shared between your health and your magic reserves.
Your bite disrupts and absorbs the magic of your enemies.
Potions cannot restore your health.


Message History

The orc closely misses you. The orc warrior closely misses you.
You hit the orc warrior but do no damage.
Lightning courses through the orc warrior!
You kill the orc warrior!
The orc warrior barely misses you.
The orc knight roars a battlecry!
The orcs go into a battle-frenzy!
The orc hits you from afar with a +0 halberd!
* * * LOW HITPOINT WARNING * * *
Aiming: Fastroot
Press: ? - help, Shift-Dir - straight line, f - orc warrior
Aim: an orc warrior, wielding a +0 halberd and wearing a +0 chain mail (strong)
The roots erupt in riotous growth!
Roots grab the orc warrior.
Roots grab the orc. x2
Roots grab the orc warrior.
The grasping roots constrict the orc.
The grasping roots constrict the orc warrior. x2
The grasping roots constrict the orc.
You hear a shout!
The orc warrior hits you from afar with a +0 halberd.
* * * LOW HITPOINT WARNING * * *
The orc hits you from afar with a +0 halberd!
* * * LOW HITPOINT WARNING * * *
The grasping roots constrict the orc.
You kill the orc!
The grasping roots constrict the orc warrior! x2
The grasping roots constrict the orc.
You kill the orc!
The roots release their grip on the orc warrior.
The orc warrior escapes!
Aiming: Corrosive Bolt
Press: ? - help, Shift-Dir - straight line, f/p - orc warrior
Aim: an orc warrior, wielding a +0 halberd and wearing a +0 chain mail (moderately wounded, strong, 68% to hit)
The bolt of acid hits the orc warrior!
The acid corrodes the orc warrior!
The orc warrior is almost dead.
The bolt of acid hits the orc warrior!
The orc warrior is severely wounded.
The orc warrior hits you from afar with a +0 halberd!!
Ouch! That really hurt!
You die...

#≈≈≈≈≈≈≈#....# ≈≈≈
#♣♣≈≈≈≈≈#....#≈≈≈≈
♣♣♣♣...#....#...≈
♣....♣...........
#.................
#..####........#
##.#$.####''####.$
# #..............
##..@8....8...#
#.)########..#
#oo# .# #).# #
#).#. #.o#.e#
#..#.... #..##....
#..# #++#


You could see an orc knight and 2 orc warriors.

Vanquished Creatures
  A steam dragon (D:6)
  Duvessa (D:7)
  An orc warrior (Bailey)
  An ice beast (D:6)
  A black bear (D:6)
  A centaur (D:6)
  A phantom (D:4)
  Dowan (D:7)
  2 jellies
  2 hounds
  Crazy Yiuf (D:6)
  4 orc priests
  A sleepcap (D:4)
  An orc wizard (D:3)
  6 iguanas
  4 gnolls
  8 adders
  A white imp (D:6)
  A worm (D:2)
  3 dart slugs
  28 orcs
  6 ball pythons
  7 endoplasms
  2 giant cockroaches (D:4)
  10 goblins
  9 hobgoblins
  7 jackals
  8 kobolds
  4 quokkas
  4 bats
  4 frilled lizards
  4 rats
135 creatures vanquished.

Vanquished Creatures (others)
  A hound (D:6)
1 creature vanquished.

Grand Total: 136 creatures vanquished

Notes
Turn   | Place    | Note
-------+----------+-------------------------------------------
     0 | D:1      | Zonian the Vine Stalker Gladiator began the quest for the
                  | Orb.
     0 | D:1      | Reached XP level 1. HP: 11/11 MP: 2/2
   183 | D:1      | Found a faded altar of an unknown god.
   779 | D:2      | Reached XP level 2. HP: 15/15 MP: 3/3
  1164 | D:2      | Reached skill level 1 in Stealth
  1164 | D:2      | Reached XP level 3. HP: 16/18 MP: 4/4
  1359 | D:2      | Reached skill level 2 in Stealth
  1590 | D:2      | Gained mutation: Your natural rate of healing is unusually
                  | fast. [Vine Stalker growth]
  1590 | D:2      | Reached XP level 4. HP: 23/23 MP: 5/5
  1851 | D:3      | Found a shimmering blue altar of Sif Muna.
  1851 | D:3      | Found a shimmering altar of Xom.
  1894 | D:3      | Found a shadowy altar of Dithmenos.
  1974 | D:3      | Found a white marble altar of Elyvilon.
  2039 | D:3      | Reached XP level 5. HP: 28/28 MP: 6/6
  2043 | D:3      | Reached skill level 3 in Stealth
  2747 | D:4      | Reached XP level 6. HP: 25/32 MP: 7/7
  2919 | D:4      | Reached skill level 4 in Stealth
  3546 | D:5      | Entered Level 5 of the Dungeon
  3681 | D:5      | Reached skill level 5 in Unarmed Combat
  3681 | D:5      | Reached XP level 7. HP: 37/37 MP: 8/8
  4028 | D:5      | Reached skill level 5 in Stealth
  4036 | D:5      | HP: 2/55 [orc/+0 club (2)]
  4546 | D:6      | Noticed a steam dragon
  4558 | D:6      | Killed a steam dragon
  4559 | D:6      | Reached skill level 6 in Stealth
  4617 | D:6      | Reached skill level 5 in Fighting
  4617 | D:6      | Gained mutation: You have razor-sharp teeth. [Vine Stalker
                  | growth]
  4617 | D:6      | Reached XP level 8. HP: 36/43 MP: 9/9
  4688 | D:6      | Found a staircase to the Ecumenical Temple.
  4783 | Temple   | Entered the Ecumenical Temple
  4791 | Temple   | Became a worshipper of Ashenzari the Shackled
  4823 | D:6      | Found a runed translucent door.
  4824 | D:6      | Noticed Crazy Yiuf
  5322 | D:6      | Found an iron altar of Okawaru.
  5444 | D:6      | Killed Crazy Yiuf
  5492 | D:7      | Reached skill level 7 in Stealth
  5494 | D:7      | Noticed Dowan
  5497 | D:7      | Noticed Duvessa
  5506 | D:7      | Killed Duvessa
  5514 | D:7      | Killed Dowan
  5569 | D:7      | Found a flagged portal.
  5592 | Bailey   | Entered a bailey
  5726 | Bailey   | Found a large runed translucent door.
  5726 | Bailey   | Found a large runed translucent door.
  5733 | Bailey   | Noticed a deep elf zephyrmancer
  5740 | Bailey   | Noticed an orc knight
  5744 | Bailey   | Demolished by an orc warrior

Illustrated notes

Levels and vault maps discovered:
D:1:      roderic_crop_circles_arrival_small, layout_loops_ring,
          hellmonk_ecumenical_altar_zigzags
D:2:      layout_basic, minmay_tetromino_l4
D:3:      layout_basic, elyvilon_altar_3, mainiacjoe_overflow_surrounded_room,
          gammafunk_temple_overflow_elements, skrybe_limestone_x,
          minmay_divided_ellipse
D:4:      layout_basic
D:5:      layout_basic
D:6:      layout_cave_pools, okawaru_altar_gauntlet_db,
          minmay_temple_entry_overgrown, uniq_crazy_yiuf_cottage
D:7:      layout_gridville, amcnicky_altar_gilded, enter_bailey_7, uniq_duvessa
Temple:   hellmonk_temple_two_chambers
Bailey:   bailey_polearm_elven_captive_hellmonk, bailey

Skill      XL: |  1  2  3  4  5  6  7  8 |
---------------+-------------------------+-----
Fighting       | 2 3 4 5 |  5.8
Throwing       | 2 |  2.0
Stealth        | 1 2 3 4 6 7 |  7.6
Unarmed Combat | 4 5 6 |  6.7
Dodging        | |  2.5

Action                     |  1- 3 |  4- 6 |  7- 9 || total
---------------------------+-------+-------+-------++-------
  Melee: Unarmed           |   117 |       |       ||   117
         Bite              |    31 |    55 |    44 ||   130
         Punch             |     2 |     3 |     5 ||    10
         Dagger            |     1 |   184 |   152 ||   337
  Throw: Throwing net      |       |       |     2 ||     2
  Evoke: Wand              |       |       |     2 ||     2
    Use: Scroll            |       |     4 |     3 ||     7
         Potion            |       |       |     2 ||     2
   Stab: Sleeping          |     1 |     5 |     6 ||    12
         Held in net/web   |       |       |     2 ||     2
 Armour: Leather armour    |    30 |    53 |       ||    83
         Ring mail         |       |    11 |    64 ||    75
  Dodge: Dodged            |    63 |   104 |    99 ||   266

Table legend: (Time is in decaauts)
 A = Elapsed time spent in this place.
 B = Non-inter-level travel time spent in this place.
 C = Inter-level travel time spent in this place.
 D = Time resting spent in this place.
 E = Time spent auto-exploring this place.
 F = Levels seen in this place.
 G = Mean time per level.
                   A        B        C        D        E       F      G
               +--------+--------+--------+--------+--------+-----+--------+
         Total |   5752 |   5512 |    240 |    803 |   3387 |   9 |  639.1 |
       Dungeon |   5586 |   5352 |    234 |    696 |   3387 |   7 |  798.0 |
        Temple |     14 |      8 |      6 |      0 |      0 |   1 |   14.0 |
        Bailey |    151 |    151 |      0 |    107 |      0 |   1 |  151.0 |
               +--------+--------+--------+--------+--------+-----+--------+

Top non-repeatable levels by time:
     D:5: 1265 daAuts
     D:3: 969 daAuts
     D:2: 948 daAuts
     D:4: 861 daAuts
     D:1: 757 daAuts
     D:6: 677 daAuts
  Bailey: 151 daAuts
     D:7: 106 daAuts
  Temple: 14 daAuts
